 Dungeon Crawl Stone Soup version 0.16-a0-2984-g889390b (webtiles) character file.

629 Leibowitz the Poker (level 7, -1/54 HPs)
             Began as a Merfolk Gladiator on Dec 6, 2014.
             Was a Follower of Okawaru.
             Slain by an ogre
             ... wielding a +0 giant spiked club
              (13 damage)
             ... on level 4 of the Dungeon.
             The game lasted 00:14:11 (3650 turns).

Leibowitz the Poker (Merfolk Gladiator)             Turns: 3650, Time: 00:14:11

Health: -1/54      AC: 12    Str: 16    XL:     7   Next: 48%
Magic:  7/7        EV:  4    Int:  7    God:    Okawaru [*.....]
Gold:   207        SH:  9    Dex: 16    Spells: 0 memorised, 6 levels left

rFire  . . .     SeeInvis .     a - +0 trident
rCold  + . .     Clarity  .     y - +1 chain mail {rC+}
rNeg   . . .     SustAb   .     l - +0 shield (curse)
rPois  .         Gourm    .     c - +0 helmet
rElec  .         Spirit   .     C - +0 cloak
rCorr  .         Warding  .     (no gloves)
rMut   .         Stasis   .     s - +0 pair of boots
MR     .....                    p - amulet of faith
Stlth  ..........               (no ring)
                                E - ring of wizardry

@: not resistant to hostile enchantments, extremely unstealthy
A: change form in water, swift swim
a: Heroism, Renounce Religion


You were on level 4 of the Dungeon.
You worshipped Okawaru.
Okawaru was aware of your devotion.
You were not hungry.

You visited 1 branch of the dungeon, and saw 4 of its levels.

You collected 207 gold pieces.

Inventory:

Hand weapons
 a - a +0 trident (weapon)
 b - a +0 short sword of venom
 x - a +0 trident
Missiles
 d - 3 throwing nets (quivered)
 o - 15 stones
 u - 19 poisoned needles
Armour
 c - a +0 helmet (worn)
 l - a cursed +0 shield (worn)
 s - a +0 pair of boots (worn)
 y - a +1 chain mail of cold resistance (worn)
 C - a +0 cloak (worn)
Jewellery
 k - an uncursed amulet of warding
 p - an amulet of faith (around neck)
 E - a ring of wizardry (left hand)
Magical devices
 G - a wand of polymorph (0)
Scrolls
 e - 2 scrolls of recharging {unknown}
 j - a scroll of fog {unknown}
 m - 3 scrolls of identify {unknown}
 r - 2 scrolls of enchant armour {unknown}
 t - a scroll of remove curse {unknown}
 B - 2 scrolls of fear {unknown}
 D - a scroll of random uselessness {unknown}
Potions
 h - a potion of heal wounds
 n - 2 potions of agility
 v - a potion of brilliance {unknown}
 z - a potion of mutation {unknown}
Comestibles
 f - 3 bread rations
 g - 3 chunks of flesh
 i - 2 meat rations
 q - 5 fruits
 w - 2 slices of pizza
 A - a beef jerky
 F - a royal jelly


   Skills:
 * Level 4.1 Fighting
 * Level 7.3 Polearms
 + Level 2.0 Throwing
 + Level 1.3 Armour
 * Level 6.1 Dodging
 + Level 0.5 Stealth
 * Level 3.8 Shields
 + Level 0.2 Unarmed Combat


You had 6 spell levels left.
You didn't know any spells.

Dungeon Overview and Level Annotations

Branches:
Dungeon (4/15)
 Temple: D:4-7

Altars:
Kikubaaqudgha
Okawaru


Message History

The ogre is heavily wounded.
You block the ogre's attack.
Your shield prevents you from hitting the ogre.
The ogre is moderately wounded.
You hit the ogre but do no damage.
The ogre is moderately wounded.
The ogre hits you with a giant spiked club!
You closely miss the ogre.
The ogre is moderately wounded.
The ogre hits you with a giant spiked club.
Your shield and chain mail prevent you from hitting the ogre.
The ogre is moderately wounded.
The ogre hits you with a giant spiked club!!
* * * LOW HITPOINT WARNING * * *
You barely miss the ogre.
The ogre is moderately wounded.
You hit the ogre.
The ogre is heavily wounded.
The ogre hits you with a giant spiked club!
You die...

## ###... .###......#
######### ...........
.......... #.##....###
#.##....... #.##....#
#.##........ #.##....#
#.##........ #..#....#
#.##........ ##.#....#
#.##O..$..... #......#
###.##@.......#
##.....#
#............#.
##..######.#.#.......##
#.......##.#.#.###..##
#.......##.#.#.# .##
#.......##.#.#.. .
#.......##.#$### #
#.......##.#.#
#.......##.#.#


You could see an ogre.

Vanquished Creatures
  The ghost of Chiseanne the Skirmisher, an average DsWn of Kikubaaqudgha (D:4)
  Edmund (D:4)
  An ogre (D:4)
  3 vampire bats (D:2)
  2 orc priests (D:3)
  4 adders
  A giant mite (D:3)
  A worm (D:3)
  5 giant geckos
  7 orcs (D:3)
  2 ball pythons (D:1)
  2 bat skeletons (D:2)
  2 bat zombies (D:2)
  8 goblins
  8 hobgoblins
  A quokka (D:2)
  6 bats
  3 giant cockroaches
  2 giant newts
  6 kobolds
  8 rats
74 creatures vanquished.

Notes
Turn   | Place    | Note
--------------------------------------------------------------
     0 | D:1      | Leibowitz, the Merfolk Gladiator, began the quest for the Orb.
     0 | D:1      | Reached XP level 1. HP: 16/16 MP: 1/1
   212 | D:1      | Reached XP level 2. HP: 13/23 MP: 2/2
   594 | D:1      | Reached skill level 5 in Polearms
  1067 | D:1      | Reached XP level 3. HP: 15/28 MP: 3/3
  1812 | D:2      | Reached XP level 4. HP: 29/34 MP: 4/4
  2014 | D:2      | Reached skill level 1 in Shields
  2025 | D:2      | Found an ancient bone altar of Kikubaaqudgha.
  2041 | D:2      | Reached skill level 5 in Dodging
  2051 | D:2      | Reached XP level 5. HP: 29/40 MP: 5/5
  2083 | D:2      | Reached skill level 6 in Polearms
  2314 | D:3      | Reached XP level 6. HP: 25/47 MP: 6/6
  2711 | D:3      | Found an iron altar of Okawaru.
  2730 | D:3      | Became a worshipper of Warmaster Okawaru
  3157 | D:4      | Noticed Chiseanne's ghost (average DsWn)
  3244 | D:4      | Killed Chiseanne's ghost
  3244 | D:4      | Reached skill level 7 in Polearms
  3251 | D:4      | Reached skill level 1 in Armour
  3251 | D:4      | Reached XP level 7. HP: 13/53 MP: 7/7
  3364 | D:4      | Noticed Edmund
  3456 | D:4      | Killed Edmund
  3456 | D:4      | Acquired Okawaru's first power
  3650 | D:4      | Slain by an ogre

Action                   |  1- 3 |  4- 6 |  7- 9 || total
-------------------------+-------+-------+-------++-------
Melee: Trident           |   121 |   211 |    13 ||   345
       Short sword       |     4 |     6 |    10 ||    20
       Unarmed           |       |       |    59 ||    59
  Use: Potion            |       |     4 |       ||     4
 Stab: Sleeping          |     2 |       |       ||     2
  Eat: Chunk             |     2 |     5 |     2 ||     9
